Map: Orbital Shipyard

Players

MorN

  • Race: Terran Terran
  • League: Master

Apocalypse - Winner!

  • Race: Protoss Protoss
  • League: Master

VOD

Have the link to the VOD?

Description

Time

  • Played on: Dec. 5, 2015, 11:55 p.m.
  • Length: 14:17
Show
View Real Time Build Order
Export as new Build Order

MorN Terran 

Build Orders: Cyclone Opening, MMM Bio 

Get SALT Encoding   

  12  0:01  SCV  
  13  0:13  SCV  
  14  0:18  Supply Depot  
  14  0:25  SCV  
  15  0:39  SCV  
  15  0:40  Barracks  
  16  0:43  Refinery  
  16  0:51  SCV  
  17  1:03  SCV  
  18  1:16  SCV  
  19  1:28  Marine  
  19  1:29  Orbital Command  
  20  1:42  Command Center  
  20  1:53  Factory  
  20  1:56  SCV  
  21  2:08  Supply Depot, SCV  
  21  2:11  Marine  
  23  2:30  SCV, Marine  
  25  2:38  Barracks  
  25  2:39  Factory Tech Lab  
  25  2:42  SCV  
  26  2:49  Marine  
  27  2:55  Orbital Command  
  27  2:56  SCV  
  28  2:58  Cyclone  
  28  3:04  Refinery  
  31  3:06  Engineering Bay  
  31  3:09  SCV  
  32  3:21  SCV x2  
  34  3:32  Supply Depot  
  34  3:33  SCV x2  
  36  3:50  Stimpack, Factory Reactor  
  36  3:54  SCV, Barracks  
  37  3:56  Command Center  
  37  3:59  SCV  
  37  4:02  Refinery  
  38  4:07  SCV  
  39  4:11  Barracks Tech Lab  
  39  4:12  Terran Infantry Weapons Level 1  
  39  4:14  Supply Depot  
  39  4:16  SCV  
  40  4:19  SCV  
  40  4:24  Supply Depot  
  41  4:29  SCV  
  42  4:31  SCV  
  42  4:32  Marine x2  
  45  4:38  Factory Reactor  
  45  4:41  SCV  
  45  4:45  SCV  
  47  4:46  Starport  
  47  4:50  Supply Depot  
  47  4:51  Combat Shields  
  47  4:53  SCV  
  47  4:57  SCV  
  47  4:58  Supply Depot  
  47  4:59  Marine x2  
  50  5:05  SCV  
  52  5:09  SCV, Orbital Command  
  53  5:17  SCV  
  53  5:18  Marine x2  
  53  5:19  Marauder  
  53  5:20  Marauder  
  60  5:21  SCV  
  61  5:30  SCV, Supply Depot  
  61  5:35  Medivac x2  
  66  5:36  Marine x2  
  66  5:40  Marine  
  67  5:50  Marine  
  67  5:51  Factory Reactor  
  67  5:54  SCV x2, Marine  
  67  5:56  Supply Depot  
  71  5:58  Marauder  
  73  6:06  Terran Infantry Armor Level 1  
  73  6:08  Marauder  
  73  6:09  Concussive Shells  
  73  6:11  SCV x2  
  77  6:13  Supply Depot  
  77  6:26  Orbital Command  
  77  6:27  Marine x2  
  77  6:28  Marauder  
  81  6:33  Barracks  
  81  6:34  Engineering Bay, Barracks  
  81  6:35  Widow Mine x2  
  81  6:36  Armory  
  85  6:42  SCV x2  
  85  6:45  Refinery  
  85  6:47  Supply Depot  
  87  6:48  Supply Depot  
  87  6:51  Marauder x2  
  87  6:53  SCV  
  92  6:54  SCV x2  
  92  6:59  Marine x2  
  92  7:00  Medivac  
  98  7:02  Medivac  
  98  7:05  SCV  
  98  7:06  SCV x2, Widow Mine x2  
  107  7:18  SCV x2  
  107  7:19  Marauder, Marine x2  
  107  7:20  Marauder  
  107  7:22  Barracks Tech Lab  
  114  7:23  Barracks Reactor  
  114  7:26  SCV  
  108  7:30  SCV x2, Medivac  
  108  7:35  Widow Mine  
  108  7:36  Marine  
  108  7:37  Marine  
  113  7:38  SCV, Refinery  
  113  7:41  Marauder  
  113  7:42  Marine x2  
  120  7:54  Marine x2  
  122  7:59  Terran Infantry Weapons Level 2  
  122  8:00  Marauder x2  
  122  8:02  Marauder  
  126  8:05  Barracks  
  126  8:07  Barracks  
  126  8:09  Barracks  
  126  8:12  Marine x2  
  127  8:18  Marine x2  
  130  8:22  Marauder x2  
  130  8:24  Marauder  
  136  8:30  Marine x2  
  137  8:34  SCV x2  
  137  8:35  Marine x2  
  141  8:47  Supply Depot x2  
  141  8:48  Terran Infantry Armor Level 2  
  141  8:51  Refinery  
  141  9:01  Marine  
  141  9:02  Marine  
  140  9:03  Marine x2  
  140  9:05  Medivac x2, Marine  
  140  9:07  Marauder  
  140  9:08  Marauder  
  137  9:16  Barracks Tech Lab x2  
  123  9:19  Marine, Marauder  
  123  9:20  Marine, Widow Mine  
  123  9:22  Command Center  
  123  9:23  Supply Depot  
  127  9:24  Supply Depot x2  
  127  9:25  Liberator  
  127  9:29  Marine x2, Marauder x2  
  133  9:35  Medivac  
  133  9:40  Command Center  
  133  9:41  Marauder  
  133  9:43  Command Center, Marine x2  
  133  9:44  Marauder x2  
  144  9:46  Barracks Reactor  
  144  9:47  Marine x2  
  144  9:50  Marauder  
  144  9:51  Marauder  
  149  9:54  Widow Mine  
  151  10:01  Marine x2  
  151  10:02  Marauder  
  151  10:05  Marauder x2, Marine x2  
  161  10:10  Liberator  
  161  10:11  Marauder, Marine  
  156  10:19  Marine x2  
  146  10:22  Marine  
  146  10:23  Marauder, Marine  
  146  10:26  Marine  
  146  10:27  Marine x2, Marauder  
  151  10:30  Marauder  
  151  10:32  Marine  
  150  10:38  Marine x2  
  150  10:40  Marine, Medivac  
  150  10:44  Marauder, Marine x2  
  150  10:45  Widow Mine x2  
  150  10:48  Marauder  
  160  10:50  Marine x2  
  160  10:51  Marauder x2  
  160  10:53  Terran Infantry Weapons Level 3  
  160  10:55  Supply Depot  
  166  11:10  Medivac x2  
  170  11:13  Widow Mine  
  171  11:20  Starport  
  171  11:21  Starport  
  149  11:44  Marine  
  149  11:45  Marauder, Marine x4  
  149  11:46  Marauder  
  129  11:47  Marauder, Widow Mine, Marine x2  
  129  11:48  Medivac x2, Marauder  
  116  12:02  Marine x3  
  116  12:03  Marine  
  116  12:04  Marine  
  116  12:05  Marauder, Widow Mine, Marine  
  116  12:07  Marauder x2  
  127  12:09  Marauder x2  
  124  12:16  Widow Mine  
  124  12:20  Marine x3  
  124  12:21  Orbital Command  
  126  12:26  Marauder  
  126  12:28  Marine, Marauder  
  131  12:33  Widow Mine  
  131  12:36  Starport Tech Lab, Fusion Core  
  133  12:44  Widow Mine  
  133  12:49  Marine, Starport Reactor  
  133  12:50  Marauder, Marine  
  139  12:55  SCV  
  139  13:00  Marine x2  
  139  13:01  Marauder  
  136  13:14  Marine x2  
  136  13:15  Marauder  
  136  13:16  Marine x3  
  136  13:17  Marauder  
  136  13:19  Marine  
  140  13:22  Marine  
  140  13:26  Marine  
  140  13:27  Marine  
  102  13:32  SCV x2  
  89  13:44  SCV  
  89  13:45  Marine  
  91  13:50  Marauder  
  93  13:55  Marine  
  93  13:56  Marine  
Show
View Real Time Build Order
Export as new Build Order

Apocalypse Protoss - Winner!

Build Orders: 1 Gate Expand 

Get SALT Encoding   

  12  0:01  Probe (Chrono Boost)  
  13  0:11  Probe (Chrono Boost)  
  14  0:17  Pylon  
  14  0:22  Probe (Chrono Boost)  
  15  0:35  Probe (Chrono Boost)  
  16  0:38  Gateway  
  16  0:42  Assimilator  
  16  0:46  Probe (Chrono Boost)  
  18  0:57  Probe (Chrono Boost)  
  18  1:07  Probe (Chrono Boost)  
  19  1:18  Probe (Chrono Boost)  
  20  1:24  Nexus  
  20  1:28  Probe (Chrono Boost)  
  21  1:37  Cybernetics Core  
  21  1:39  Probe (Chrono Boost)  
  22  1:46  Pylon  
  22  1:50  Probe (Chrono Boost)  
  23  1:54  Assimilator  
  23  2:04  Probe (Chrono Boost)  
  24  2:14  Adept, Warp Gate  
  27  2:19  Mothership Core (Chrono Boost)  
  27  2:22  Forge  
  28  2:37  Probe x2 (Chrono Boost)  
  30  2:44  Adept  
  30  2:48  Probe x2 (Chrono Boost)  
  34  2:56  Protoss Ground Armor Level 1 (Chrono Boost)  
  34  2:57  Probe  
  34  2:59  Probe  
  36  3:07  Probe  
  36  3:08  Pylon  
  36  3:11  Probe  
  36  3:12  Adept  
  40  3:18  Probe  
  41  3:23  Probe  
  41  3:26  Robotics Facility  
  42  3:28  Probe  
  43  3:35  Probe  
  43  3:40  Gateway x2  
  44  3:43  Probe  
  44  3:47  Probe  
  46  3:51  Adept  
  46  3:55  Probe  
  46  3:59  Probe  
  46  4:01  Twilight Council  
  48  4:04  Assimilator  
  48  4:06  Probe, Assimilator  
  49  4:11  Probe  
  49  4:13  Warp Prism  
  52  4:19  Probe  
  52  4:23  Probe  
  54  4:24  Resonating Glaives (Chrono Boost)  
  54  4:29  Pylon  
  54  4:36  Pylon  
  54  4:38  Protoss Ground Armor Level 2 (Chrono Boost)  
  54  4:47  Probe x2  
  54  4:48  Sentry  
  54  4:49  Sentry  
  54  4:50  Adept  
  62  4:59  Immortal, Probe x2  
  68  5:08  Pylon  
  68  5:11  Probe x2  
  70  5:24  Gateway x2  
  70  5:26  Probe  
  71  5:29  Sentry x3  
  71  5:30  Pylon  
  77  5:38  Observer  
  78  5:44  Nexus  
  78  5:48  Probe  
  79  5:51  Pylon  
  79  5:55  Stalker, Pylon, Blink  
  79  5:56  Stalker  
  83  6:02  Pylon  
  83  6:05  Probe x2  
  83  6:09  Immortal  
  89  6:16  Pylon  
  89  6:18  Pylon  
  89  6:27  Adept x3  
  89  6:28  Adept x2  
  89  6:30  Probe x2  
  93  6:37  Protoss Ground Armor Level 3 (Chrono Boost)  
  93  6:46  Probe x2, Pylon  
  95  6:48  Sentry  
  95  6:49  Pylon  
  97  6:57  Immortal  
  97  6:59  Probe  
  102  7:03  Stalker  
  102  7:06  Probe  
  102  7:07  Probe  
  106  7:10  Assimilator  
  106  7:12  Assimilator  
  106  7:18  Stalker  
  106  7:19  Stalker x2  
  110  7:32  Stalker  
  110  7:36  Probe x2  
  114  7:42  Adept x4  
  122  7:47  Probe  
  122  7:48  Probe x2  
  125  7:51  Warp Prism (Chrono Boost)  
  125  7:57  Probe  
  127  8:00  Probe  
  126  8:13  Forge  
  126  8:16  Templar Archives  
  126  8:19  Gateway  
  125  8:21  Gateway  
  125  8:22  Gateway  
  125  8:23  Zealot x2  
  125  8:24  Adept x3  
  125  8:25  Gateway  
  125  8:26  Observer (Chrono Boost)  
  135  8:39  Pylon  
  135  8:43  Pylon  
  135  8:44  Pylon  
  135  8:54  Probe x2  
  102  9:26  Immortal (Chrono Boost)  
  102  9:27  Stalker  
  102  9:28  Stalker x4  
  102  9:30  Psionic Storm  
  116  9:33  Protoss Ground Weapons Level 1 (Chrono Boost)  
  116  9:35  Protoss Shields Level 1 (Chrono Boost)  
  116  9:42  Adept x4  
  124  9:55  Stalker x2  
  124  9:56  Stalker x3  
  124  9:59  Immortal  
  134  10:01  Charge  
  130  10:28  Adept x9  
  144  10:38  Probe  
  145  10:44  Probe x2  
  145  10:48  Gateway  
  147  10:50  Probe, High Templar x4  
  147  10:51  High Templar x2  
  160  11:00  Nexus  
  160  11:02  Pylon  
  160  11:03  Probe x2, Immortal  
  160  11:04  Probe, Pylon  
  167  11:16  Stalker  
  167  11:17  Stalker x2  
  173  11:20  Pylon x2  
  173  11:23  Protoss Ground Weapons Level 2 (Chrono Boost)  
  173  11:27  Protoss Shields Level 2 (Chrono Boost)  
  173  11:38  Archon  
  155  11:46  Zealot x5  
  155  11:47  Zealot x3  
  141  11:59  Zealot  
  133  12:11  High Templar x3  
  133  12:12  High Templar  
  132  12:19  Zealot x6  
  136  12:23  Probe x2  
  136  12:24  Assimilator  
  136  12:28  Assimilator  
  138  12:30  Photon Cannon  
  138  12:35  Photon Cannon  
  138  12:40  Stalker x2  
  138  12:41  Stalker x2  
  146  12:45  High Templar  
  146  12:46  High Templar  
  146  12:47  High Templar x2  
  154  13:16  Zealot x5  
  154  13:17  Zealot  
  152  13:22  Archon  
  152  13:23  Archon  
  146  13:27  Stalker  
  146  13:28  Stalker x3  
  154  13:36  Observer  
  155  13:44  Stalker  
  155  13:45  Stalker x4  
  165  14:02  Adept x4  
  171  14:03  Adept  
  171  14:06  Nexus  
  171  14:08  Pylon  
Tags
 
Add a new tag
Caveats
  • Supply blocks, unpowered buildings, or Contaminate may cause inaccurate times.
  • Supply counts are checked every 10 seconds.